 Dungeon Crawl Stone Soup version 0.29.1-12-g30fa7ad0bf (webtiles) character file.

Game seed: 14148310937290942934

79 fleeber the Digger (level 4, -1/24 HPs)
             Began as a Gargoyle Earth Elementalist on Dec 19, 2022.
             Killed from afar by an orc wizard (6 damage)
             ... with a magic dart
             ... on level 2 of the Dungeon.
             The game lasted 00:10:28 (3441 turns).

fleeber the Digger (Gargoyle Earth Elementalist)    Turns: 3441, Time: 00:10:29

Health: -1/24      AC:  5    Str: 11    XL:     4   Next: 38%
Magic:  7/8        EV: 11    Int: 22    God:
Gold:   148        SH:  0    Dex: 10    Spells: 8/9 levels left

rFire   . . .      SeeInvis .   j - +7 sling of the Mind {vorpal, rElec Int+4}
rCold   . . .      Faith    .   (no shield)
rNeg    + . .      Spirit   .   a - +0 robe
rPois   ∞          Reflect  .   (no helmet)
rElec   +          Harm     .   (no cloak)
rCorr   .          Rampage  .   (no gloves)
Will    .....                   (no boots)
Stlth   +.........              (no amulet)
HPRegen 0.08/turn               (no ring)
MPRegen 0.11/turn               (no ring)

@: confused
A: sickness immunity, AC +3, negative energy resistance 1, electricity
resistance, torment resistance 1, petrification resistance
a: no special abilities


You were on level 2 of the Dungeon.
You visited 1 branch of the dungeon, and saw 3 of its levels.

You collected 148 gold pieces.

Inventory:

Hand Weapons
 j - the +7 sling of the Mind (weapon) {vorpal, rElec Int+4}
   (You found it on level 2 of the Dungeon)

   Any ammunition fired from it inflicts extra damage upon your enemies.
   Int:       It affects your intelligence (+4).
   rElec:     It insulates you from electricity.
Armour
 a - a +0 robe (worn)
 g - the +1 ring mail of Zuqes {+Inv Will+ rCorr Int+3}
   (You found it on level 2 of the Dungeon)

   Int:       It affects your intelligence (+3).
   +Inv:      It lets you turn invisible.
   rCorr:     It protects you from acid and corrosion.
   Will:      It increases your willpower.
Scrolls
 c - 2 scrolls of identify
 d - a scroll of summoning
 e - 2 scrolls of teleportation
 f - a scroll of enchant armour
Potions
 b - a potion of magic
 h - a potion of heal wounds


   Skills:
 - Level 1.5 Dodging
 - Level 2.1 Stealth
 + Level 3.2 Spellcasting
 - Level 0.7 Transmutations
 + Level 5.0 Earth Magic


You had 8 spell levels left.
You knew the following spells:

 Your Spells              Type           Power      Damage    Failure   Level
a - Sandblast             Erth           50%        2d12      1%          1

Your spell library contained the following spells:

 Spells                   Type           Power      Damage    Failure   Level
 Passwall                 Tmut/Erth      13%        N/A       5%          2
 Stone Arrow              Conj/Erth      28%        3d8       13%         3
 Wereblood                Tmut           6%         N/A       14%         2
 Petrify                  Tmut/Erth      16%        N/A       36%         4
 Summon Hydra             Summ           1%         N/A       100%        7
 Sublimation of Blood     Necr           Unusable   N/A       N/A         2

Dungeon Overview and Level Annotations

Branches:
Dungeon (3/15)

Altars:
Fedhas

Shops:
D:3 !


Innate Abilities, Weirdness & Mutations

You are immune to sickness and miasma.
Your stone body is resilient. (AC +3)
You are immune to poison.
You resist negative energy. (rN+)
You are resistant to electric shocks. (rElec)
You are resistant to unholy torment.
You are immune to petrification.


Message History

You feel less confused.
The orc wizard hits you but does no damage.
The orc wizard attacks as you move away!
The orc wizard hits you but does no damage.
The orc wizard gestures at you while chanting.
You are confused.
You bump into the rock wall.
The orc closely misses you.
You miss the orc. The orc hits you with a +0 hand axe.
The orc wizard hits you but does no damage.
The orc completely misses you.
You bump into the rock wall.
The orc wizard hits you but does no damage.
The orc closely misses you.
You closely miss the orc wizard.
The orc wizard is severely wounded.
The orc wizard gestures wildly while chanting.
The orc wizard flickers and vanishes!
Deactivating autopickup; reactivate with Ctrl-A.
The orc hits you with a +0 hand axe. Something hits you.
You clumsily bash something but do no damage.
The orc hits you with a +0 hand axe.
You hear some strange, mumbled words.
A magic dart appears from out of thin air!
The magic dart hits you. The orc hits you with a +0 hand axe.
You are too confused!
You closely miss something.
You feel less confused.
You hear some strange, mumbled words.
You are confused.
The orc hits you with a +0 hand axe.
* * * LOW HITPOINT WARNING * * *
Something hits you but does no damage.
You bump into the rock wall.
The orc hits you with a +0 hand axe.
* * * LOW HITPOINT WARNING * * *
Something hits you but does no damage.
You're too confused to move!
The orc misses you.
You hear some strange, mumbled words.
A magic dart appears from out of thin air!
The magic dart hits you.
You die...

##....##.###### #.##.##.#
#.##.##.# #.......#
#.##.##.############.####
#.......##.....#......#
##...#####.....#.#.##.#
#.### #.....#.#.##.# #.#
#.....#.#....# #.#
#..>.o#.###..# #.#
###..{@...#..# #.#
#####......# #.# ###.#.##
#.######## ####.#.#
###........#####....#.##
.......#....)..........#
.#####.#........(......#
##
.#####.###.#####..#.##.#
##.
.........#.##.......##.#
######..


You could see an orc.

Vanquished Creatures
  A gnoll (D:3)
  2 adders (D:2)
  A worm (D:2)
  6 orcs (D:3)
  An endoplasm (D:2)
  A giant cockroach (D:1)
  3 goblins
  4 jackals
  2 quokkas
  7 ball pythons
  2 bats
  2 frilled lizards
  5 kobolds
  9 rats
46 creatures vanquished.

Vanquished Creatures (others)
  3 fungi (D:1)
  2 plants (D:1)
5 creatures vanquished.

Grand Total: 51 creatures vanquished

Notes
Turn   | Place    | Note
-------+----------+-------------------------------------------
     0 | D:1      | fleeber the Gargoyle Earth Elementalist began the quest for
                  | the Orb.
     0 | D:1      | Reached XP level 1. HP: 10/10 MP: 3/3
   570 | D:1      | Found a faded altar of an unknown god.
   656 | D:1      | Reached XP level 2. HP: 15/15 MP: 3/5
   728 | D:1      | Reached skill level 4 in Earth Magic
  1827 | D:2      | Identified the +1 ring mail of Zuqes {+Inv Will+ rCorr
                  | Int+3}
  1915 | D:2      | Reached XP level 3. HP: 19/19 MP: 2/7
  2030 | D:2      | Found a blossoming altar of Fedhas.
  2108 | D:2      | Identified the +7 sling of the Mind {vorpal, rElec Int+4}
  2515 | D:3      | Found Reral's Distillery.
  2876 | D:3      | Reached XP level 4. HP: 24/24 MP: 5/8
  3157 | D:3      | Reached skill level 5 in Earth Magic
  3441 | D:2      | Killed from afar by an orc wizard

Illustrated notes

Levels and vault maps discovered:
D:1:      dpeg_arrival_round_c, layout_basic,
          shapermc_ecumenical_altar_mp_urbaneastern, minmay_tromino_v4_a
D:2:      layout_loops_cross, basic_altar
D:3:      layout_rooms, serial_shops, shop, cheibrodos_sewer_entry_bend

Skill      XL: |  1  2  3  4 |
---------------+-------------+-----
Earth Magic    | 4 5 |  5.0
Spellcasting   | 3 |  3.2
Dodging        | |  1.5
Stealth        | |  2.1
Transmutations | |  0.7

Action                   |  1- 3 |  4- 6 || total
-------------------------+-------+-------++-------
Melee: Mace              |     2 |       ||     2
       Sling             |       |     4 ||     4
 Cast: Sandblast         |    52 |    13 ||    65
  Use: Scroll            |     4 |     3 ||     7
       Potion            |     3 |       ||     3
Armor: Robe              |     8 |     8 ||    16
Dodge: Dodged            |    24 |     7 ||    31
